Map: Acid Plant LE

Players

PtitDrogo - Winner!

  • Race: Protoss Protoss
  • League: Master
  • Spawn Location: 5:00

Clem

  • Race: Terran Terran
  • League: Master
  • Spawn Location: 11:00

Event: HomeStory Cup XVIII

VOD

Have the link to the VOD?

Description

Time

  • Played on: Nov. 23, 2018, 10:45 a.m.
  • Length: 8:49

All games in this series

Show
View Real Time Build Order
Export as new Build Order

PtitDrogo Protoss - Winner!

Build Orders: 1 Gate Expand 

Get SALT Encoding   

  12  0:00  Probe  
  13  0:12  Probe  
  14  0:17  Pylon  
  14  0:24  Probe  
  15  0:32  Probe  
  15  0:37  Gateway  
  15  0:40  Probe  
  16  0:46  Assimilator  
  17  0:51  Probe  
  18  1:03  Probe  
  19  1:15  Probe  
  20  1:21  Nexus  
  20  1:31  Cybernetics Core  
  20  1:34  Probe  
  20  1:39  Assimilator  
  21  1:46  Probe  
  22  1:49  Pylon, Warp Gate  
  22  1:57  Stalker  
  22  1:58  Probe  
  25  2:10  Probe  
  26  2:22  Robotics Facility  
  26  2:24  Probe  
  26  2:33  Probe  
  26  2:36  Probe  
  28  2:39  Sentry  
  30  2:45  Probe  
  30  2:48  Probe  
  32  2:51  Gateway  
  32  2:57  Gateway  
  32  3:00  Probe  
  32  3:01  Warp Prism  
  32  3:04  Probe  
  36  3:14  Probe  
  36  3:17  Probe  
  38  3:23  Shield Battery  
  38  3:29  Pylon, Probe  
  38  3:31  Probe  
  40  3:41  Probe  
  40  3:43  Probe  
  40  3:47  Observer  
  43  3:52  Stalker x3  
  43  3:53  Probe  
  50  3:59  Pylon, Probe  
  51  4:05  Probe  
  51  4:09  Observer  
  53  4:17  Pylon, Stalker x3  
  53  4:23  Probe  
  60  4:32  Probe  
  60  4:33  Probe  
  60  4:38  Observer, Assimilator  
  63  4:39  Assimilator  
  63  4:40  Probe  
  63  4:41  Probe  
  64  4:46  Twilight Council  
  64  4:48  Probe  
  64  4:49  Forge  
  64  4:50  Probe  
  66  4:55  Stalker  
  69  5:00  Probe  
  69  5:01  Pylon  
  70  5:09  Protoss Ground Weapons Level 1  
  70  5:17  Gateway  
  70  5:19  Gateway  
  70  5:20  Gateway  
  68  5:21  Gateway  
  68  5:24  Gateway  
  68  5:25  Charge  
  68  5:32  Observer  
  67  5:41  Nexus  
  67  5:42  Pylon  
  67  5:46  Stalker x2  
  71  5:54  Pylon, Immortal  
  71  6:01  Pylon  
  75  6:11  Pylon  
  73  6:16  Zealot x4  
  79  6:21  Stalker  
  79  6:24  Probe x2  
  75  6:37  Zealot x3  
  81  6:41  Probe  
  81  6:42  Pylon, Probe  
  80  6:52  Zealot x4  
  86  7:02  Zealot x3  
  86  7:05  Probe  
  87  7:11  Probe  
  88  7:16  Zealot x4  
  88  7:20  Probe  
  87  7:33  Templar Archives  
  87  7:36  Sentry  
  87  7:37  Zealot, Sentry  
  90  7:50  Probe  
  85  7:52  Zealot x4  
  74  8:09  High Templar x3  
  80  8:14  High Templar, Archon  
  80  8:15  High Templar x2  
  80  8:16  Zealot  
  80  8:19  Archon x2  
  86  8:39  Zealot  
  82  8:43  Zealot x3  
Show
View Real Time Build Order
Export as new Build Order

Clem Terran 

Build Orders: Gas First Reaper Expand, Reaper Expand, Banshee Rush 

Get SALT Encoding   

  12  0:00  SCV  
  13  0:12  SCV  
  14  0:17  Supply Depot  
  14  0:24  SCV  
  15  0:30  Refinery  
  15  0:39  SCV  
  16  0:44  Barracks  
  16  0:51  SCV  
  17  1:03  SCV  
  18  1:15  SCV  
  19  1:30  Orbital Command  
  19  1:31  Reaper  
  20  1:43  Command Center  
  20  1:55  Factory  
  20  1:58  SCV  
  21  2:09  Barracks Reactor  
  21  2:10  Supply Depot  
  21  2:11  SCV  
  22  2:18  Refinery  
  22  2:23  SCV  
  23  2:35  SCV  
  24  2:44  Starport  
  24  2:45  Marine x2  
  24  2:48  SCV  
  27  2:57  Widow Mine  
  29  3:00  Orbital Command, SCV  
  29  3:04  Marine x2  
  32  3:12  SCV  
  33  3:19  Factory Tech Lab  
  33  3:20  Starport Tech Lab  
  33  3:24  Marine x2, SCV  
  33  3:25  SCV  
  37  3:30  Supply Depot  
  37  3:36  SCV  
  37  3:38  Cloaking Field  
  37  3:39  Banshee  
  41  3:45  Marine x2, SCV  
  44  3:51  SCV  
  45  3:57  Siege Tank  
  48  4:04  Supply Depot, Engineering Bay  
  48  4:06  Marine, SCV x2  
  50  4:10  Marine  
  49  4:18  SCV x2  
  49  4:22  Banshee  
  54  4:27  Marine  
  54  4:30  SCV x2  
  52  4:39  Marine, Siege Tank  
  52  4:42  SCV  
  52  4:44  Supply Depot  
  52  4:45  Marine, SCV  
  59  4:54  SCV  
  59  4:57  SCV  
  59  4:58  Command Center  
  61  5:04  Marine x2  
  61  5:06  SCV  
  63  5:09  SCV  
  63  5:12  Siege Tank  
  65  5:16  Supply Depot  
  65  5:18  SCV  
  66  5:24  SCV  
  66  5:25  Refinery  
  66  5:26  Marine, Refinery  
  68  5:31  SCV  
  69  5:36  SCV  
  69  5:39  Barracks  
  69  5:41  Barracks  
  70  5:44  Engineering Bay  
  70  5:48  Siege Tank  
  72  5:54  Marine x2  
  72  5:55  SCV  
  72  5:57  SCV  
  73  6:09  SCV  
  73  6:10  Orbital Command  
  73  6:12  Marine  
  73  6:13  SCV  
  75  6:21  SCV  
  75  6:25  SCV  
  77  6:31  Starport Reactor  
  77  6:33  Marine x2  
  77  6:34  SCV  
  77  6:37  SCV  
  77  6:38  Factory Reactor  
  77  6:39  Supply Depot  
  81  6:41  SCV  
  81  6:44  Stimpack, Marauder  
  81  6:46  SCV  
  82  6:50  Supply Depot, SCV  
  82  6:51  Marine x2  
  82  6:53  SCV  
  86  6:59  Marine  
  86  7:00  SCV  
  87  7:05  Marine, SCV  
  76  7:15  Marine x2  
  68  7:18  Widow Mine x2, Medivac x2  
  68  7:22  SCV  
  72  7:23  Marauder  
  74  7:33  Marine  
  73  7:37  SCV  
  73  7:41  Widow Mine  
  73  7:43  Marine, Marauder  
  75  7:44  SCV  
  75  7:49  SCV  
  75  7:50  Widow Mine  
  68  7:57  Marauder  
  55  8:01  Marine  
  55  8:03  Widow Mine  
  55  8:04  Orbital Command  
  55  8:05  Marauder  
  57  8:08  Marine  
  57  8:11  Widow Mine, SCV x2  
  62  8:18  Marauder  
  64  8:23  SCV  
  64  8:24  Widow Mine, Marine  
  64  8:25  SCV  
  64  8:26  Marauder  
  71  8:29  Marine  
Tags
 
Add a new tag
Caveats
  • Supply blocks, unpowered buildings, or Contaminate may cause inaccurate times.
  • Supply counts are checked every 10 seconds.